 Dungeon Crawl Stone Soup version 0.30.1-3-gfc49f6343a (webtiles) character file.

Game seed: 7029462275372004544

431 jtron the Trooper (level 6, -4/53 HPs)
             Began as a Gnoll Wanderer on Aug 8, 2023.
             Was an Initiate of Qazlal.
             Killed from afar by a white imp (6 damage)
             ... with a puff of frost
             ... on level 5 of the Dungeon.
             The game lasted 00:12:19 (4063 turns).

jtron the Trooper (Gnoll Wanderer)                  Turns: 4063, Time: 00:12:20

Health: -4/53      AC:  4    Str: 11    XL:     6   Next: 99%
Magic:  11/11      EV: 12    Int: 15    God:    Qazlal [......]
Gold:   151        SH:  0    Dex: 10    Spells: 7/12 levels left

rFire   . . .        e - +0 long sword
rCold   . . .        (no shield)
rNeg    . . .        s - +0 leather armour
rPois   .            (no helmet)
rElec   .            (no cloak)
rCorr   .            r - +0 pair of gloves
SInv    .            (no boots)
Will    .....        (no amulet)
Stlth   ++           (no ring)
HPRegen 0.28/turn    (no ring)
MPRegen 0.12/turn

%: no passive effects
@: no status effects
A: fangs 1, strong nose, distributed training
a: Renounce Religion


You were on level 5 of the Dungeon.
You worshipped Qazlal.
Qazlal was noncommittal.
You visited 1 branch of the dungeon, and saw 5 of its levels.

You collected 151 gold pieces.

Inventory:

Hand Weapons
 a - a +0 club
 e - a +0 long sword (weapon)
 m - a +2 dagger of freezing
 u - a +2 whip of pain
Missiles
 i - 7 poisoned darts (quivered)
Armour
 b - a +0 scale mail
 r - a +0 pair of gloves (worn)
 s - a +0 leather armour (worn)
 t - a +0 crystal plate armour
Magical Staves
 o - a staff of conjuration
Jewellery
 y - a ring of flight
Wands
 v - a wand of charming (8)
Scrolls
 c - a scroll of fear
 g - 3 scrolls of immolation
 k - a scroll of magic mapping
 p - 2 scrolls of identify
 q - a scroll of enchant armour {unknown}
 x - a scroll of blinking {unknown}
 z - a scroll of butterflies {unknown}
 B - a scroll of brand weapon {unknown}
Potions
 d - a potion of attraction
 f - a potion of haste {unknown}
 h - 2 potions of brilliance
 j - a potion of cancellation {unknown}
 l - a potion of might {unknown}
 n - a potion of invisibility
 w - a potion of degeneration {unknown}
 A - a potion of curing {unknown}
 C - a potion of ambrosia {unknown}


   Skills:
 + Level 6.9 Fighting
 + Level 2.2 Short Blades
 + Level 2.2 Long Blades
 + Level 2.2 Axes
 + Level 2.2 Maces & Flails
 + Level 2.2 Polearms
 + Level 2.2 Staves
 + Level 2.2 Ranged Weapons
 + Level 2.2 Throwing
 + Level 5.1 Armour
 + Level 3.4 Dodging
 + Level 2.2 Stealth
 + Level 2.2 Shields
 + Level 2.2 Unarmed Combat
 + Level 3.6 Spellcasting
 + Level 1.8 Conjurations
 + Level 1.8 Hexes
 + Level 1.8 Summonings
 + Level 1.8 Necromancy
 + Level 1.8 Translocations
 + Level 1.8 Transmutations
 + Level 1.8 Fire Magic
 + Level 1.8 Ice Magic
 + Level 5.7 Air Magic
 + Level 1.8 Earth Magic
 + Level 1.8 Poison Magic
 + Level 2.5 Invocations
 + Level 2.2 Evocations


You had 7 spell levels left.
You knew the following spells:

 Your Spells              Type           Power      Damage    Failure   Level
a - Shock                 Conj/Air       56%        1d6       4%          1
b - Airstrike             Air            10%        2d(2-18)  22%         4

Your spell library contained the following spells:

 Spells                   Type           Power      Damage    Failure   Level
 Swiftness                Air            20%        N/A       7%          3
 Poisonous Vapours        Pois/Air       28%        N/A       8%          2
 Apportation              Tloc           16%        N/A       11%         1
 Alistair's Intoxication  Tmut/Pois      5%         N/A       97%         5


Dungeon Overview and Level Annotations

Branches:
Dungeon (5/15)
 Temple: D:4-7

Altars:
Elyvilon
Qazlal
Vehumet

Annotations:
D:4 3 runed translucent doors, Lremus's ghost, amateur HONe


Innate Abilities, Weirdness & Mutations

You have very sharp teeth.
Your uncanny sense of smell can sniff out nearby items.
Your experience applies equally to all skills.


Message History

The adder barely misses you. The white imp closely misses you.
You miss the adder. Your punch misses the adder.
The adder is heavily wounded.
You feel very sick. The adder bites you but does no damage.
The white imp barely misses you. The adder bites you but does no damage.
You barely miss the adder.
The adder is heavily wounded.
You feel sick. The white imp barely misses you.
The adder bites you but does no damage.
You hit the adder.
The adder is severely wounded.
You feel sick. The adder barely misses you. The white imp gestures at you.
The puff of frost misses you. The adder barely misses you.
The white imp hits you.
* * * LOW HITPOINT WARNING * * *
The white imp freezes you.
* * * LOW HITPOINT WARNING * * *
You barely miss the adder.
The adder is severely wounded.
You feel sick. The adder barely misses you. The white imp barely misses you.
The adder closely misses you.
You slash the adder!
You kill the adder!
Qazlal accepts your kill.
You feel sick. The white imp gestures at you. The puff of frost misses you.
You feel sick. The white imp barely misses you.
You see here an adder corpse.
You feel sick.
You are no longer poisoned.
The white imp hits you.
* * * LOW HITPOINT WARNING * * *
The white imp freezes you.
* * * LOW HITPOINT WARNING * * *
The white imp gestures at you. The puff of frost hits you.
You die...

###............
.....#~..♣..~#.
.....#~~...~~#
+.....###÷..####
#..............#
∆
#..###...###...#
### #...###†5.#
....>......#
.........@..#
###...(##...#
#.... #...# ....
...... ...
....... ###
#########


You could see a white imp.

Vanquished Creatures
  A black bear (D:3)
  An ogre (D:4)
  3 hounds (D:4)
  A hound zombie (D:2)
  Robin (D:2)
  2 gnolls
  3 adders
  2 adder zombies (D:2)
  3 adder skeletons (D:2)
  3 dart slugs
  2 orcs
  4 endoplasms
  3 giant cockroaches
  12 goblins
  11 hobgoblins
  4 jackals
  A quokka (D:2)
  5 ball pythons
  2 ball python skeletons (D:2)
  7 bats (D:1)
  2 frilled lizards
  A giant cockroach zombie (D:2)
  A jackal zombie (D:2)
  9 kobolds
  3 rats
87 creatures vanquished.

Vanquished Creatures (others)
  A quokka (D:5)
1 creature vanquished.

Grand Total: 88 creatures vanquished

Notes
Turn   | Place    | Note
-------+----------+-------------------------------------------
     0 | D:1      | jtron the Gnoll Wanderer began the quest for the Orb.
     0 | D:1      | jtron set off with the following items: a +0 club, a +0
                  | scale mail, a scroll of fear, a potion of attraction; and
                  | the following spell memorised: Shock; and the following
                  | spells available to memorise: Poisonous Vapours, Airstrike.
     0 | D:1      | Reached XP level 1. HP: 23/23 MP: 4/4
   177 | D:1      | Reached XP level 2. HP: 24/29 MP: 5/5
   432 | D:1      | Found a faded altar of an unknown god.
   691 | D:1      | Reached XP level 3. HP: 35/35 MP: 7/7
   788 | D:1      | Reached skill level 1 in Invocations
   884 | D:2      | Reached skill level 1 in Short Blades
   884 | D:2      | Reached skill level 1 in Long Blades
   884 | D:2      | Reached skill level 1 in Axes
   884 | D:2      | Reached skill level 1 in Maces & Flails
   884 | D:2      | Reached skill level 1 in Polearms
   884 | D:2      | Reached skill level 1 in Staves
   884 | D:2      | Reached skill level 1 in Ranged Weapons
   884 | D:2      | Reached skill level 1 in Throwing
   884 | D:2      | Reached skill level 1 in Stealth
   884 | D:2      | Reached skill level 1 in Shields
   884 | D:2      | Reached skill level 1 in Unarmed Combat
   884 | D:2      | Reached skill level 1 in Evocations
   884 | D:2      | Reached XP level 4. HP: 33/41 MP: 1/8
  1167 | D:2      | Found a stormy altar of Qazlal.
  1221 | D:2      | Reached skill level 1 in Conjurations
  1221 | D:2      | Reached skill level 1 in Hexes
  1221 | D:2      | Reached skill level 1 in Summonings
  1221 | D:2      | Reached skill level 1 in Necromancy
  1221 | D:2      | Reached skill level 1 in Translocations
  1221 | D:2      | Reached skill level 1 in Transmutations
  1221 | D:2      | Reached skill level 1 in Fire Magic
  1221 | D:2      | Reached skill level 1 in Ice Magic
  1221 | D:2      | Reached skill level 1 in Earth Magic
  1221 | D:2      | Reached skill level 1 in Poison Magic
  1223 | D:2      | Noticed Robin
  1247 | D:2      | Killed Robin
  1343 | D:2      | Reached XP level 5. HP: 47/47 MP: 9/9
  1477 | D:2      | Became a worshipper of Qazlal Stormbringer
  2343 | D:4      | Noticed a lemure
  2343 | D:4      | Noticed a lemure
  2343 | D:4      | Noticed a lemure
  2431 | D:4      | Noticed a black bear
  2431 | D:4      | Noticed an ogre
  2437 | D:3      | Killed a black bear
  2438 | D:3      | Reached XP level 6. HP: 36/53 MP: 5/11
  2507 | D:4      | Reached skill level 5 in Armour
  2653 | D:4      | Found a runed translucent gate.
  2679 | D:4      | Found a runed translucent gate.
  2680 | D:4      | Found a runed translucent gate.
  2721 | D:4      | Found a radiant altar of Vehumet.
  2977 | D:4      | Noticed an ice beast
  2978 | D:4      | Noticed Lremus's ghost (amateur HONe)
  3662 | D:5      | Entered Level 5 of the Dungeon
  3681 | D:5      | Learned a level 4 spell: Airstrike
  3827 | D:5      | Found a stormy altar of Qazlal.
  4033 | D:5      | Found a white marble altar of Elyvilon.
  4062 | D:5      | HP: 2/53 [white imp (2)]
  4063 | D:5      | Killed from afar by a white imp

Illustrated notes

Levels and vault maps discovered:
D:1:      heliophobic_arrival_ceremonial_halls, layout_loops_cross,
          hellmonk_ecumenical_altar_prayer_group
D:2:      layout_basic, basic_altar, serial_undead, serial_undead_c,
          serial_undead_c, serial_undead_a, serial_undead_d, uniq_robin
D:3:      layout_loops_ring, chequers_serial_rivers_large_a
D:4:      layout_basic, mainiacjoe_overflow_tiny_flanked, gammafunk_ghost_icy,
          cheibrodos_gnoll_hut, uniq_pikel
D:5:      layout_gridville, okawaru_gym_becter,
          nicolae_qazlal_scattered_showers, elyvilon_altar_4,
          kennysheep_slug_shrine

Skill      XL: |  1  2  3  4  5  6 |
---------------+-------------------+-----
Invocations    | 1 2 |  2.5
Short Blades   | 1 2 |  2.2
Long Blades    | 1 2 |  2.2
Axes           | 1 2 |  2.2
Maces & Flails | 1 2 |  2.2
Polearms       | 1 2 |  2.2
Staves         | 1 2 |  2.2
Ranged Weapons | 1 2 |  2.2
Throwing       | 1 2 |  2.2
Stealth        | 1 2 |  2.2
Shields        | 1 2 |  2.2
Unarmed Combat | 1 2 |  2.2
Evocations     | 1 2 |  2.2
Spellcasting   | 3 |  3.6
Conjurations   | 1 |  1.8
Hexes          | 1 |  1.8
Summonings     | 1 |  1.8
Necromancy     | 1 |  1.8
Translocations | 1 |  1.8
Transmutations | 1 |  1.8
Fire Magic     | 1 |  1.8
Ice Magic      | 1 |  1.8
Earth Magic    | 1 |  1.8
Poison Magic   | 1 |  1.8
Dodging        | 3 |  3.4
Armour         | 5 |  5.1
Fighting       | |  6.9
Air Magic      | |  5.7

Action                     |  1- 3 |  4- 6 || total
---------------------------+-------+-------++-------
  Melee: Club              |     8 |       ||     8
         Long sword        |    67 |   135 ||   202
         Bite              |     3 |    19 ||    22
         Punch             |     2 |     1 ||     3
         Whip              |       |    31 ||    31
  Throw: Dart              |     1 |     5 ||     6
   Cast: Shock             |    16 |    24 ||    40
         Airstrike         |       |     1 ||     1
    Use: Scroll            |     1 |     5 ||     6
         Potion            |       |     2 ||     2
 Armour: Scale mail        |    86 |    55 ||   141
         Leather armour    |       |    23 ||    23
  Dodge: Dodged            |    70 |   108 ||   178
